 Dungeon Crawl Stone Soup version 0.22.0-75-g3901e7991e (webtiles) character file.

86 JedernureinKreuz the Conjurer (level 4, 0/32 HPs)
             Began as a Gnoll Conjurer on Sept 12, 2018.
             Slain by a worm (6 damage)
             ... on level 2 of the Dungeon.
             The game lasted 00:04:23 (1265 turns).

JedernureinKreuz the Conjurer (Gnoll Conjurer)      Turns: 1265, Time: 00:04:23

Health: 0/32       AC:  4    Str: 10    XL:     4   Next: 49%
Magic:  2/11       EV: 14    Int: 19    God:
Gold:   94         SH:  0    Dex: 15    Spells: 12/13 levels left

rFire    . . .     SeeInvis .   m - +0 dagger
rCold    . . .     Gourm    .   (no shield)
rNeg     . . .     Faith    .   g - +0 leather armour
rPois    .         Spirit   .   t - +0 helmet
rElec    .         Reflect  .   (no cloak)
rCorr    .         Harm     .   (no gloves)
MR       .....                  (no boots)
Stlth    ++........             (no amulet)
HPRegen  0.10/turn              (no ring)
MPRegen  0.12/turn              (no ring)

@: no status effects
A: distributed training, fangs 1, strong nose
a: no special abilities


You were on level 2 of the Dungeon.
You were not hungry.

You visited 1 branch of the dungeon, and saw 2 of its levels.

You collected 94 gold pieces.

Inventory:

Hand Weapons
 f - a +0 hunting sling
 m - a +0 dagger (weapon)
Missiles
 e - 89 stones
 o - 3 tomahawks (quivered)
 q - 16 bolts
Armour
 a - a +0 robe
 g - a +0 leather armour (worn)
 t - a +0 helmet (worn)
Jewellery
 p - an uncursed ring of see invisible {unknown}
Scrolls
 d - 2 scrolls of identify {unknown}
 i - a scroll of remove curse {unknown}
 j - 2 scrolls of teleportation {unknown}
 l - a scroll of amnesia {unknown}
 n - 2 scrolls of fear {unknown}
Potions
 b - a potion of degeneration {unknown}
 k - a potion of haste {unknown}
 r - a potion of flight {unknown}
 s - a potion of curing {unknown}
Comestibles
 c - 4 rations
 h - 5 chunks of flesh


   Skills:
 + Level 1.1 Fighting
 + Level 1.1 Short Blades
 + Level 1.1 Long Blades
 + Level 1.1 Axes
 + Level 1.1 Maces & Flails
 + Level 1.1 Polearms
 + Level 1.1 Staves
 + Level 1.1 Slings
 + Level 1.1 Bows
 + Level 1.1 Crossbows
 + Level 1.1 Throwing
 + Level 1.1 Armour
 + Level 4.6 Dodging
 + Level 4.2 Stealth
 + Level 1.1 Shields
 + Level 1.1 Unarmed Combat
 + Level 5.1 Spellcasting
 + Level 7.1 Conjurations
 + Level 0.9 Hexes
 + Level 0.9 Charms
 + Level 0.9 Summonings
 + Level 0.9 Necromancy
 + Level 0.9 Translocations
 + Level 0.9 Transmutations
 + Level 0.9 Fire Magic
 + Level 0.9 Ice Magic
 + Level 0.9 Air Magic
 + Level 0.9 Earth Magic
 + Level 0.9 Poison Magic
 + Level 1.2 Invocations
 + Level 1.1 Evocations


You had 12 spell levels left.
You knew the following spells:

 Your Spells              Type           Power        Failure   Level  Hunger
a - Magic Dart            Conj           ####         1%          1    None

Your spell library contained the following spells:

 Spells                   Type           Power        Failure   Level  Hunger
 Searing Ray              Conj           ####..       1%          2    #......
 Iskenderun's Mystic Bla  Conj           ####....     9%          4    ####...
 Dazzling Spray           Conj/Hex       ###...       10%         3    ##.....
 Force Lance              Conj/Tloc      ###.....     32%         4    ####...
 Fulminant Prism          Conj/Hex       ###.......   32%         4    ####...


Dungeon Overview and Level Annotations

Branches:
Dungeon (2/15)

Altars:
Ashenzari
Kikubaaqudgha


Innate Abilities, Weirdness & Mutations

Your experience applies equally to all skills.
You have very sharp teeth.
Your uncanny sense of smell can sniff out nearby items.


Message History

You don't have enough magic to cast that spell.
Unknown command.
You start resting.
The worm is too close now for your liking.
The worm bites you!
You hit the worm. You bite the worm, but do no damage.
The worm is lightly wounded.
You hit the worm.
The worm is heavily wounded.
The worm bites you!
You hit the worm.
The worm is heavily wounded.
You hit the worm but do no damage.
The worm is heavily wounded.
The worm bites you.
* * * LOW HITPOINT WARNING * * *
You hit the worm but do no damage.
The worm is moderately wounded.
The worm bites you.
You die...

########## #
#........# # #
#.######.# # ..
#.# #.# # ... ###
#.######.### ....
..# #.#...##....
.....##.##
#.#.#.##..##
..†..†w..#
#.....##..## #@.#
#.#.#.##..## #..#
#...........
#..####.#.#.###.##
#...............##
##################
∆ ##8## #8...8
#.....# ∆ #_....._


You could see a worm.

Vanquished Creatures
  6 adders (D:2)
  A worm (D:2)
  A giant cockroach (D:1)
  2 goblins
  5 hobgoblins
  3 jackals (D:1)
  A quokka (D:2)
  3 bats (D:1)
  A frilled lizard (D:2)
  2 kobolds (D:1)
  7 rats
32 creatures vanquished.

Notes
Turn   | Place    | Note
-------+----------+-------------------------------------------
     0 | D:1      | JedernureinKreuz the Gnoll Conjurer began the quest for the
                  | Orb.
     0 | D:1      | Reached XP level 1. HP: 13/13 MP: 6/6
   351 | D:1      | Reached XP level 2. HP: 19/19 MP: 5/7
   928 | D:2      | Reached skill level 5 in Spellcasting
   928 | D:2      | Reached XP level 3. HP: 25/25 MP: 5/9
  1041 | D:2      | Reached skill level 1 in Invocations
  1115 | D:2      | Reached skill level 1 in Fighting
  1115 | D:2      | Reached skill level 1 in Short Blades
  1115 | D:2      | Reached skill level 1 in Long Blades
  1115 | D:2      | Reached skill level 1 in Axes
  1115 | D:2      | Reached skill level 1 in Maces & Flails
  1115 | D:2      | Reached skill level 1 in Polearms
  1115 | D:2      | Reached skill level 1 in Staves
  1115 | D:2      | Reached skill level 1 in Slings
  1115 | D:2      | Reached skill level 1 in Bows
  1115 | D:2      | Reached skill level 1 in Crossbows
  1115 | D:2      | Reached skill level 1 in Throwing
  1115 | D:2      | Reached skill level 1 in Armour
  1115 | D:2      | Reached skill level 1 in Shields
  1115 | D:2      | Reached skill level 1 in Unarmed Combat
  1115 | D:2      | Reached skill level 1 in Evocations
  1192 | D:2      | Reached XP level 4. HP: 32/32 MP: 6/11
  1233 | D:2      | Found an ancient bone altar of Kikubaaqudgha.
  1235 | D:2      | Found a shattered altar of Ashenzari.
  1265 | D:2      | Slain by a worm

Skill      XL: |  1  2  3 |
---------------+----------+-----
Spellcasting   | 5 |  5.1
Invocations    | 1 |  1.2
Fighting       | 1 |  1.1
Short Blades   | 1 |  1.1
Long Blades    | 1 |  1.1
Axes           | 1 |  1.1
Maces & Flails | 1 |  1.1
Polearms       | 1 |  1.1
Staves         | 1 |  1.1
Slings         | 1 |  1.1
Bows           | 1 |  1.1
Crossbows      | 1 |  1.1
Throwing       | 1 |  1.1
Armour         | 1 |  1.1
Shields        | 1 |  1.1
Unarmed Combat | 1 |  1.1
Evocations     | 1 |  1.1
Dodging        | |  4.6
Stealth        | |  4.2
Conjurations   | |  7.1
Hexes          | |  0.9
Charms         | |  0.9
Summonings     | |  0.9
Necromancy     | |  0.9
Translocations | |  0.9
Transmutations | |  0.9
Fire Magic     | |  0.9
Ice Magic      | |  0.9
Air Magic      | |  0.9
Earth Magic    | |  0.9
Poison Magic   | |  0.9

Action                   |  1- 3 |  4- 6 || total
-------------------------+-------+-------++-------
Melee: Unarmed           |    12 |       ||    12
       Dagger            |       |     5 ||     5
       Bite              |       |     1 ||     1
 Cast: Magic Dart        |    56 |    14 ||    70
  Eat: Chunk             |     1 |       ||     1
Armor: Leather armour    |     6 |       ||     6
Dodge: Dodged            |    16 |     1 ||    17
